 Dungeon Crawl Stone Soup version 0.31-a0-472-g43a2ca8e1b (webtiles) character file.

Game seed: 3945947353947597095

277 Ethylacetat the Changeling (level 6, -3/36 (42) HPs)
             Began as an Octopode Shapeshifter on Aug 6, 2023.
             Slain by Duvessa
             ... wielding a +0 rapier of draining
              (9 damage)
             ... on level 4 of the Dungeon.
             The game lasted 00:02:39 (1900 turns).

Ethylacetat the Changeling (Octopode Shapeshifter)  Turns: 1900, Time: 00:02:40

HP:   -3/36 (42)    AC:  1    Str: 12 (14) XL:     6   Next: 25%
MP:   15/15         EV: 13    Int: 10 (11) God:
Gold: 161           SH:  5    Dex: 11 (14) Spells: 5/5 levels left

rFire   . .          .
                       - Unarmed
rCold   . . .        (no shield)
rNeg    + . .        (helmet currently unavailable)
rPois   .            p - amulet of reflection
rElec   .            c - ring of positive energy
rCorr   +            m - ring of magical power
SInv    .            o - ring of resist corrosion
Will    .....        (no ring)
Stlth   ++           (no ring)
HPRegen 0.26/turn    (no ring)
MPRegen 0.14/turn    (no ring)
                     (no ring)

%: reflection
@: beast-form, heavily drained
A: beast (slay +3), almost no armour, amphibious, 8 rings, camouflage 1,
gelatinous body 1, (nimble swimmer 1), tentacles
a: Begin Untransformation


You were on level 4 of the Dungeon.
You were a hulking beast.
You visited 1 branch of the dungeon, and saw 4 of its levels.

You collected 161 gold pieces.

Inventory:

Missiles
 e - a throwing net
Jewellery
 c - a ring of positive energy (left tentacle)
 m - a ring of magical power (right tentacle)
 o - a ring of resist corrosion (on tentacle)
 p - an amulet of reflection (around mantle)
Talismans
 b - a beast talisman (active)
Wands
 a - a wand of paralysis (12)
Scrolls
 d - a scroll of noise {unknown}
 f - 4 scrolls of identify {unknown}
 g - 3 scrolls of revelation {unknown}
 k - a scroll of fear {unknown}
 l - 3 scrolls of blinking {unknown}
 q - a scroll of silence {unknown}
 s - a scroll of immolation {unknown}
Potions
 i - a potion of ambrosia
 j - a potion of haste
 r - a potion of heal wounds {unknown}


   Skills:
 + Level 3.0 Fighting
 - Level 2.0 Dodging
 + Level 4.2 Unarmed Combat
 * Level 4.6 Shapeshifting


You had 5 spell levels left.
You didn't know any spells.
Your spell library was empty.

Dungeon Overview and Level Annotations

Branches:
Dungeon (4/15)
 Temple: D:4-7

Altars:

Annotations:
D:4 Duvessa


Innate Abilities, Weirdness & Mutations

You are a hulking beast.
Your limbs bulge with bestial killing power. (Slay +3)
You cannot wear most types of armour.
You are amphibious.
You can wear up to eight rings at the same time.
Your skin changes colour to match your surroundings (Stealth+).
Your rubbery body absorbs attacks. (AC +1, EV +1)
((You are camouflaged when in or above water. (Stealth+)))
You have tentacles for arms and can constrict up to eight enemies at once.


Message History

You constrict Duvessa, but do no damage.
Duvessa hits you with a +0 rapier of draining.
You partially resist.
You feel drained.
You tentacle-slap Duvessa but do no damage.
You squeeze Duvessa.
Duvessa is lightly wounded.
You constrict Duvessa, but do no damage.
Duvessa misses you.
You tentacle-slap Duvessa but do no damage.
Duvessa is lightly wounded.
You constrict Duvessa, but do no damage.
Duvessa hits you with a +0 rapier of draining!
You partially resist.
You feel drained.
You tentacle-slap Duvessa but do no damage.
You squeeze Duvessa, but do no damage.
Duvessa is lightly wounded.
You constrict Duvessa.
Duvessa hits you with a +0 rapier of draining!
You partially resist.
You feel drained.
You are too injured to fight recklessly!
You are too injured to fight recklessly!
You are too injured to fight recklessly!
You tentacle-slap Duvessa but do no damage.
Duvessa is lightly wounded.
You constrict Duvessa, but do no damage.
Duvessa hits you with a +0 rapier of draining.
* * * LOW HITPOINT WARNING * * *
You partially resist.
You feel drained.
* * * LOW HITPOINT WARNING * * *
It was a potion of curing.
You feel better.
You constrict Duvessa, but do no damage.
Duvessa hits you with a +0 rapier of draining.
* * * LOW HITPOINT WARNING * * *
You partially resist.
You feel drained.
It was a potion of degeneration.
There was something very wrong with that liquid.
You feel weakened.
You feel dopey.
You feel clumsy.
You constrict Duvessa.
Duvessa hits you with a +0 rapier of draining!
You die...

#.###.####
##.###.#
#......#
#..##..# ## #
#..##.#
#.....#
#<..#.#
#.....#
#h....#
......e..####
####..####
#.. #. ##


You could see Duvessa.

Vanquished Creatures
  The ghost of Ethylacetat the Insei, an amateur OpSh (D:3)
  A jelly (D:3)
  6 adders
  A worm (D:3)
  A dart slug (D:2)
  4 orcs (D:3)
  8 endoplasms
  6 giant cockroaches
  3 hobgoblins
  9 kobolds
  4 quokkas
  5 ball pythons
  5 bats
  3 frilled lizards
  4 goblins
  5 rats
66 creatures vanquished.

Notes
Turn   | Place    | Note
-------+----------+-------------------------------------------
     0 | D:1      | Ethylacetat the Octopode Shapeshifter began the quest for
                  | the Orb.
     0 | D:1      | Reached XP level 1. HP: 13/13 MP: 1/1
   176 | D:1      | Reached XP level 2. HP: 18/18 MP: 2/2
   656 | D:2      | Reached XP level 3. HP: 20/24 MP: 3/3
   834 | D:2      | Reached XP level 4. HP: 27/29 MP: 4/4
  1543 | D:3      | Found a runed translucent gate.
  1544 | D:3      | Found a runed translucent gate.
  1546 | D:3      | Found a runed translucent gate.
  1547 | D:3      | Noticed Ethylacetat's ghost (amateur OpSh)
  1569 | D:3      | Reached XP level 5. HP: 31/35 MP: 5/5
  1599 | D:3      | Killed Ethylacetat's ghost
  1600 | D:3      | Reached XP level 6. HP: 42/42 MP: 6/6
  1889 | D:4      | Noticed Duvessa
  1900 | D:4      | Slain by Duvessa

Illustrated notes

Levels and vault maps discovered:
D:1:      psy_arrival_heroes, layout_basic, minivault_4
D:2:      layout_rooms
D:3:      layout_rooms, gammafunk_ghost_split, minmay_misc_feat_chi
D:4:      layout_loops_ring, gammafunk_temple_overflow_wave, uniq_duvessa

Skill      XL: |  1  2  3  4  5 |
---------------+----------------+-----
Fighting       | 2 3 |  3.0
Shapeshifting  | 4 |  4.6
Unarmed Combat | 4 |  4.2
Dodging        | |  2.0

Action                     |  1- 3 |  4- 6 || total
---------------------------+-------+-------++-------
  Melee: Unarmed           |    61 |    68 ||   129
         Constrict         |    14 |    16 ||    30
         Tentacles         |    10 |    11 ||    21
         Punch             |     1 |     5 ||     6
    Use: Potion            |       |     5 ||     5
   Stab: Sleeping          |     6 |     3 ||     9
 Armour: Skin              |     5 |    17 ||    22
  Dodge: Dodged            |    40 |    26 ||    66
  Block: Other             |       |     3 ||     3

Table legend: (Time is in decaauts)
 A = Elapsed time spent in this place.
 B = Non-inter-level travel time spent in this place.
 C = Inter-level travel time spent in this place.
 D = Time resting spent in this place.
 E = Time spent auto-exploring this place.
 F = Levels seen in this place.
 G = Mean time per level.
                   A        B        C        D        E       F      G
               +--------+--------+--------+--------+--------+-----+--------+
         Total |   1874 |   1792 |     82 |      7 |   1416 |   4 |  468.5 |
       Dungeon |   1874 |   1792 |     82 |      7 |   1416 |   4 |  468.5 |
               +--------+--------+--------+--------+--------+-----+--------+

Top non-repeatable levels by time:
     D:2: 634 daAuts
     D:1: 606 daAuts
     D:3: 596 daAuts
     D:4: 37 daAuts
